 Dungeon Crawl Stone Soup version 0.28-a0-973-ga7f8b01127 (webtiles) character file.

Game seed: 2281586134596789644

256 Strat the Cutter (level 6, -1/35 HPs)
             Began as a Kobold Brigand on Dec 2, 2021.
             Slain by an orc wizard (3 damage)
             ... on level 4 of the Dungeon.
             The game lasted 00:04:55 (3972 turns).

Strat the Cutter (Kobold Brigand)                   Turns: 3972, Time: 00:04:56

Health: -1/35      AC:  4    Str: 10    XL:     6   Next: 38%
Magic:  6/6        EV: 16    Int: 12    God:
Gold:   1046       SH:  0    Dex: 17    Spells: 5/5 levels left

rFire   . . .      SeeInvis .   a - +2 dagger
rCold   . . .      Faith    .   (shield restricted)
rNeg    . . .      Spirit   .   m - +0 leather armour
rPois   .          Reflect  .   (no helmet)
rElec   .          Harm     .   c - +0 cloak
rCorr   .          Rampage  .   (no gloves)
Will    .....                   (no boots)
Stlth   ++++......              (no amulet)
HPRegen 0.11/turn               (no ring)
MPRegen 0.10/turn               (no ring)

@: hasted, very quick
A: small, no large weapons, nightstalker 3
a: no special abilities


You were on level 4 of the Dungeon.
You visited 1 branch of the dungeon, and saw 4 of its levels.

You collected 1046 gold pieces.

Inventory:

Hand Weapons
 a - a +2 dagger (weapon)
Missiles
 d - 30 poisoned darts (quivered)
 e - 7 curare-tipped darts
 u - 19 stones
Armour
 b - a +0 robe
 c - a +0 cloak (worn)
 m - a +0 leather armour (worn)
Jewellery
 r - a ring of willpower
Wands
 s - a wand of paralysis (9)
Scrolls
 i - a scroll of immolation {unknown}
 k - a scroll of teleportation {unknown}
 l - a scroll of noise {unknown}
 n - a scroll of vulnerability {unknown}
 o - a scroll of fear {unknown}
 p - 4 scrolls of identify {unknown}
 q - a scroll of blinking {unknown}
Potions
 h - a potion of heal wounds {unknown}
 j - a potion of curing {unknown}
 t - a potion of cancellation {unknown}
 v - 2 potions of lignification {unknown}
 w - 2 potions of degeneration {unknown}


   Skills:
 - Level 2.1 Fighting
 + Level 6.8 Short Blades
 - Level 2.1 Throwing
 + Level 4.3 Dodging
 - Level 5.3 Stealth


You had 5 spell levels left.
You didn't know any spells.
Your spell library was empty.

Dungeon Overview and Level Annotations

Branches:
Dungeon (4/15)
 Temple: D:4-7

Altars:
Makhleb


Innate Abilities, Weirdness & Mutations

You are small and have problems with some larger weapons.
You are completely attuned to the shadows.


Message History

You hit something but do no damage. You hit something.
You hear some strange, mumbled words.
You are confused.
You're too confused to move!
Something hits you but does no damage.
You bump into the rock wall.
Something barely misses you.
You bump into the rock wall.
You hear some strange, mumbled words.
A puff of flame appears from out of thin air!
The puff of flame hits you!
* * * LOW HITPOINT WARNING * * *
You bump into the rock wall.
You hear some strange, mumbled words.
A magic dart appears from out of thin air!
The magic dart hits you!
* * * LOW HITPOINT WARNING * * *
You miss something. Something hits you.
* * * LOW HITPOINT WARNING * * *
It was a potion of haste.
You feel yourself speed up.
You feel less confused. Something hits you but does no damage.
You miss something. You closely miss something. Something barely misses you.
You hit something but do no damage. You closely miss something.
You hit something but do no damage. Something hits you.
* * * LOW HITPOINT WARNING * * *
You miss something. You hit something. Something hits you but does no damage.
You hit something. You miss something.
You hear some strange, mumbled words.
Something tries to affect you, but you resist.
You hit something but do no damage. You miss something.
You closely miss something. Something hits you.
* * * LOW HITPOINT WARNING * * *
You closely miss something. You miss something. Something hits you.
You die...

#....+......#
#.#.##....#.#
#.#.......#.#
# #....##.#.#
#....##.#.#
#.<..##.#.#
.<..>...#.#
#########.###
...o{@)......#
##.######.#.##
# #.#.# #.# #
.#


You could see an orc.

Vanquished Creatures
  Terence (D:3)
  Natasha (thrice) (D:3)
  7 adders
  A worm (D:3)
  A dart slug (D:2)
  10 orcs
  6 endoplasms
  4 giant cockroaches
  5 goblins
  5 hobgoblins
  4 ball pythons
  2 bats (D:1)
  2 frilled lizards
  2 kobolds
  9 rats
62 creatures vanquished.

Vanquished Creatures (others)
  An orc wizard (D:4)
1 creature vanquished.

Grand Total: 63 creatures vanquished

Notes
Turn   | Place    | Note
-------+----------+-------------------------------------------
     0 | D:1      | Strat the Kobold Brigand began the quest for the Orb.
     0 | D:1      | Reached XP level 1. HP: 12/12 MP: 1/1
    34 | D:1      | Reached skill level 3 in Short Blades
    88 | D:1      | Reached XP level 2. HP: 17/17 MP: 2/2
   199 | D:1      | Reached skill level 4 in Short Blades
   664 | D:2      | Reached XP level 3. HP: 21/21 MP: 3/3
   903 | D:2      | Reached skill level 5 in Short Blades
  1164 | D:2      | Reached XP level 4. HP: 26/26 MP: 4/4
  1920 | D:3      | Reached XP level 5. HP: 24/30 MP: 5/5
  2001 | D:3      | Noticed Terence
  2005 | D:3      | Killed Terence
  2008 | D:3      | Reached skill level 6 in Short Blades
  2239 | D:3      | Noticed Natasha
  2257 | D:3      | Killed Natasha
  2737 | D:3      | Found a faded altar of an unknown god.
  2802 | D:3      | Found a burning altar of Makhleb.
  3051 | D:3      | Noticed Natasha
  3058 | D:3      | Killed Natasha
  3059 | D:3      | Reached XP level 6. HP: 14/35 MP: 6/6
  3375 | D:3      | Noticed Natasha
  3440 | D:3      | Killed Natasha
  3913 | D:4      | Identified a scroll of acquirement
  3913 | D:4      | Acquired 945 gold pieces
  3972 | D:4      | Slain by an orc wizard

Illustrated notes

Levels and vault maps discovered:
D:1:      dpeg_arrival_stonehenge_8_columns, layout_rooms
D:2:      layout_basic, kennysheep_generic_room_14
D:3:      layout_basic, demons_altar, nicolae_overflow_hidden_temple,
          chequers_ecumenical_altar_grove, uniq_natasha, uniq_terence
D:4:      layout_basic, lemuel_round_altar, mainiacjoe_overflow_six_doors_small,
          mainiacjoe_overflow_cross_hatched, minmay_temple_entry_offerings

Skill      XL: |  1  2  3  4  5  6 |
---------------+-------------------+-----
Short Blades   | 3 4 5 6 |  6.8
Dodging        | 2 3 4 |  4.3
Fighting       | |  2.1
Throwing       | |  2.1
Stealth        | |  5.3

Action                   |  1- 3 |  4- 6 || total
-------------------------+-------+-------++-------
Melee: Dagger            |    58 |   171 ||   229
Throw: Dart              |       |     4 ||     4
  Use: Scroll            |       |     1 ||     1
       Potion            |       |     1 ||     1
 Stab: Sleeping          |    14 |    16 ||    30
Armor: Robe              |     3 |       ||     3
       Leather armour    |       |    14 ||    14
Dodge: Dodged            |    20 |    69 ||    89

Table legend: (Time is in decaauts)
 A = Elapsed time spent in this place.
 B = Non-inter-level travel time spent in this place.
 C = Inter-level travel time spent in this place.
 D = Time resting spent in this place.
 E = Time spent auto-exploring this place.
 F = Levels seen in this place.
 G = Mean time per level.
                   A        B        C        D        E       F      G
               +--------+--------+--------+--------+--------+-----+--------+
         Total |   3910 |   3806 |    104 |    312 |   2806 |   4 |  977.5 |
       Dungeon |   3910 |   3806 |    104 |    312 |   2806 |   4 |  977.5 |
               +--------+--------+--------+--------+--------+-----+--------+

Top non-repeatable levels by time:
     D:3: 2052 daAuts
     D:2: 1179 daAuts
     D:1: 606 daAuts
     D:4: 72 daAuts
